 Dungeon Crawl Stone Soup version 0.31-a0-426-g3a05650e59 (webtiles) character file.

Game seed: 1969185894143187615

5363 Gelion the Mimic (level 10, 0/72 HPs)
             Began as an Octopode Shapeshifter on July 31, 2023.
             Slain by a kobold demonologist
             ... wielding a +0 dagger
              (2 damage)
             ... on level 9 of the Dungeon.
             The game lasted 00:17:37 (9779 turns).

Gelion the Mimic (Octopode Shapeshifter)            Turns: 9779, Time: 00:17:37

Health: 0/72       AC:  1    Str: 20      XL:     10   Next: 65%
Magic:  10/10      EV: 13    Int: 12      God:
Gold:   934        SH:  0    Dex: 14 (16) Spells: 9/9 levels left

rFire   . .          .
                       - Unarmed
rCold   + . .        (no shield)
rNeg    . . .        (helmet currently unavailable)
rPois   .            (no amulet)
rElec   .            f - ring of protection from cold
rCorr   .            o - +6 ring of strength
SInv    .            (no ring)
Will    .....        (no ring)
Stlth   ++           (no ring)
HPRegen 0.32/turn    (no ring)
MPRegen 0.12/turn    (no ring)
                     (no ring)

%: no passive effects
@: beast-form
A: beast (slay +6), almost no armour, amphibious, 8 rings, camouflage 1,
gelatinous body 1, (nimble swimmer 1), tentacles
a: Begin Untransformation


You were on level 9 of the Dungeon.
You were a hulking beast.
You visited 2 branches of the dungeon, and saw 10 of its levels.

You collected 934 gold pieces.

Inventory:

Jewellery
 f - a ring of protection from cold (left tentacle)
 o - a +6 ring of strength (right tentacle)
Talismans
 b - a beast talisman (active)
Wands
 j - a wand of iceblast (3)
Scrolls
 d - 3 scrolls of poison
 e - 6 scrolls of identify
 g - a scroll of revelation
 i - a scroll of brand weapon
 k - a scroll of enchant armour
 n - a scroll of fear
Potions
 a - 2 potions of brilliance
 c - a potion of curing
 h - a potion of berserk rage
 l - a potion of mutation


   Skills:
 + Level 7.8 Fighting
 - Level 2.0 Dodging
 + Level 8.3 Unarmed Combat
 * Level 9.8 Shapeshifting


You had 9 spell levels left.
You didn't know any spells.
Your spell library contained the following spells:

 Spells                   Type           Power      Damage    Failure   Level
 Kiss of Death            Conj/Necr      0%         2d5       32%         1
 Confusing Touch          Hex            0%         N/A       69%         3
 Volatile Blastmotes      Fire/Tloc      0%         2d10      69%         3
 Dispel Undead            Necr           0%         3d6       97%         4
 Fulminant Prism          Conj/Hex       0%         3d5       97%         4
 Iskenderun's Mystic Bla  Conj/Tloc      0%         2d3       97%         4


Dungeon Overview and Level Annotations

Branches:
Dungeon (9/15)             Temple (1/1) D:4
   Lair: D:8-11         Orc: D:9-12

Altars:
Ashenzari
Cheibriados
Dithmenos
Fedhas
Hepliaklqana
Kikubaaqudgha
Okawaru
Qazlal
Ru
Sif Muna
Trog
Uskayaw
Vehumet
Wu Jian
Xom
Zin
The Shining One

Annotations:
D:8 12 exclusions


Innate Abilities, Weirdness & Mutations

You are a hulking beast.
Your limbs bulge with bestial killing power. (Slay +6)
You cannot wear most types of armour.
You are amphibious.
You can wear up to eight rings at the same time.
Your skin changes colour to match your surroundings (Stealth+).
Your rubbery body absorbs attacks. (AC +1, EV +1)
((You are camouflaged when in or above water. (Stealth+)))
You have tentacles for arms and can constrict up to eight enemies at once.


Message History

There is a stone staircase leading down here.
You bludgeon the orc!
You kill the orc!
Things that are here:
a +0 falchion; a +0 leather armour You start resting.
HP restored.
There is a stone staircase leading down here.
You start waiting.
Done waiting.
You climb downwards.
The kobold misses you.
The kobold hits you with a +0 short sword.
The kobold demonologist gestures wildly while chanting.
The orc warrior shoots an arrow.
The arrow hits you! The kobold misses you.
There is a stone staircase leading up, spattered with blood here.
You closely miss the kobold demonologist.
Your grab misses the kobold demonologist.
The orc warrior shoots an arrow.
The arrow hits you! The quasit closely misses you.
The quasit barely misses you. The quasit claws you.
Unknown command.
You batter the kobold demonologist!!
Your grab misses the kobold demonologist.
You squeeze the kobold demonologist!
The kobold demonologist is severely wounded.
The kobold closely misses you.
The kobold demonologist casts a spell.
The orc warrior shoots an arrow.
The arrow hits you! The quasit barely misses you.
The quasit closely misses you. The quasit barely misses you.
You tentacle-slap the kobold demonologist.
You grab the kobold demonologist.
The kobold demonologist is almost dead.
You constrict the kobold demonologist. The troll bites you!
The troll claws you!
* * * LOW HITPOINT WARNING * * *
The troll claws you!
* * * LOW HITPOINT WARNING * * *
The kobold demonologist hits you with a +0 dagger.
You die...

## ....... ## .###.##
##.......
#.##.....###....####
##...............####
$................####
........5........####
....).4..o.../...####
......5K5............
......KhT.)........?.
...^....K............
.....................
....###....#####.....
... ##..)#####.....
.. #..!#####..... .
#...#####....
#....#####...
.............


You could see a kobold demonologist, a troll, a red devil (summoned), an orc
warrior, 2 iron imps, a quasit (summoned) and 2 kobolds.

Vanquished Creatures
  2 two-headed ogres
  A kobold demonologist (D:9)
  Sigmund (D:2)
  A steam dragon (D:8)
  2 water moccasins
  Edmund (D:4)
  An ice beast (D:7)
  3 ogres
  3 black bears
  2 centaurs
  3 phantoms
  A bullfrog (D:7)
  A gnoll sergeant (D:5)
  4 scorpions
  A water moccasin zombie (D:6)
  9 wights (D:8)
  4 howler monkeys
  6 killer bees (D:8)
  2 centaur zombies (D:6)
  3 bullfrog zombies (D:6)
  4 hounds
  A jelly (D:4)
  2 bullfrog skeletons (D:6)
  An orc priest (D:9)
  A gnoll bouda (D:8)
  A centaur skeleton (D:6)
  4 iguanas
  4 orc wizards
  A killer bee zombie (D:6)
  2 howler monkey zombies (D:6)
  Robin (D:3)
  7 adders
  13 gnolls
  2 shadow imps
  A white imp (D:7)
  An ufetubus (D:5)
  A dart slug (D:3)
  11 orcs
  9 ball pythons
  9 endoplasms
  A giant cockroach (D:1)
  20 goblins
  15 hobgoblins
  2 jackals (D:2)
  13 kobolds
  6 quokkas
  4 bats
  A frilled lizard (D:3)
  4 rats
193 creatures vanquished.

Notes
Turn   | Place    | Note
-------+----------+-------------------------------------------
     0 | D:1      | Gelion the Octopode Shapeshifter began the quest for the
                  | Orb.
     0 | D:1      | Reached XP level 1. HP: 13/13 MP: 1/1
   133 | D:1      | Reached XP level 2. HP: 14/18 MP: 2/2
   328 | D:1      | Reached XP level 3. HP: 23/23 MP: 3/3
   490 | D:1      | Found a faded altar of an unknown god.
   883 | D:2      | Reached XP level 4. HP: 25/29 MP: 4/4
  1103 | D:2      | Noticed Sigmund
  1114 | D:2      | Killed Sigmund
  1115 | D:2      | Reached skill level 4 in Shapeshifting
  1115 | D:2      | Reached XP level 5. HP: 20/36 MP: 5/5
  1189 | D:2      | Reached XP level 6. HP: 41/41 MP: 6/6
  1769 | D:3      | Noticed Robin
  1788 | D:3      | Killed Robin
  2073 | D:3      | Found a hide-covered altar of Uskayaw.
  2339 | D:3      | Found a stormy altar of Qazlal.
  2453 | D:3      | Identified a scroll of acquirement
  2453 | D:3      | Acquired 525 gold pieces
  2516 | D:4      | Found a staircase to the Ecumenical Temple.
  2521 | Temple   | Entered the Ecumenical Temple
  2543 | D:4      | Reached skill level 5 in Shapeshifting
  2546 | D:4      | Noticed a black bear
  2552 | D:4      | Killed a black bear
  2553 | D:4      | Reached XP level 7. HP: 41/46 MP: 7/7
  2579 | D:4      | Noticed Edmund
  2595 | D:4      | Killed Edmund
  2660 | D:4      | Reached skill level 5 in Unarmed Combat
  2712 | D:4      | Found an ancient bone altar of Kikubaaqudgha.
  3052 | D:4      | Reached skill level 6 in Shapeshifting
  3052 | D:4      | Reached XP level 8. HP: 46/54 MP: 8/8
  3787 | D:5      | Entered Level 5 of the Dungeon
  4192 | D:5      | Reached skill level 5 in Fighting
  4371 | D:5      | Reached skill level 7 in Shapeshifting
  4789 | D:5      | Reached XP level 9. HP: 8/61 MP: 9/9
  6380 | D:6      | Reached skill level 8 in Shapeshifting
  7777 | D:8      | Found a transporter.
  7779 | D:8      | Found a transporter.
  7782 | D:8      | Found a transporter.
  8434 | D:8      | Reached XP level 10. HP: 48/63 MP: 10/10
  8644 | D:8      | Found a transporter.
  8690 | D:8      | Noticed a two-headed ogre
  8708 | D:8      | Killed a two-headed ogre
  8709 | D:8      | Reached skill level 9 in Shapeshifting
  9522 | D:9      | Noticed a two-headed ogre
  9533 | D:9      | Killed a two-headed ogre
  9536 | D:9      | Noticed a kobold demonologist
  9540 | D:9      | Noticed a kobold demonologist
  9542 | D:9      | Noticed a soul eater
  9545 | D:9      | Killed a kobold demonologist
  9779 | D:9      | HP: 2/72 [troll (14)]
  9779 | D:9      | Slain by a kobold demonologist

Illustrated notes

Levels and vault maps discovered:
D:1:      scummos_arrival_checkerplants, layout_basic,
          dreamdust_ecumenical_altar_grove
D:2:      layout_basic, guppyfry_early_orc_mine, uniq_sigmund
D:3:      layout_loops_ring, grunt_qazlal_sundering,
          mainiacjoe_overflow_small_starburst, nicolae_twisty_statue_hallways,
          uniq_robin
D:4:      layout_basic, mainiacjoe_overflow_surrounded_room,
          minmay_temple_entry_offerings, uniq_edmund
D:5:      layout_layer_cave
D:6:      layout_gridville, serial_undead, serial_undead_f, serial_undead_a,
          serial_undead_a, serial_undead_f
D:7:      layout_basic
D:8:      layout_gridville, nicolae_diode_intersection
D:9:      layout_big_octagon, minmay_overflow_temple_star_quad,
          nicolae_gozag_zags_fifth_avenue, lair_entry_dummy
Temple:   zaba_magenta_temple

Skill      XL: |  1  2  3  4  5  6  7  8  9 10 |
---------------+-------------------------------+-----
Fighting       | 2 3 4 5 6 7 |  7.8
Unarmed Combat | 4 5 6 7 8 |  8.3
Shapeshifting  | 4 5 6 7 8 9 |  9.8
Dodging        | |  2.0

Action                     |  1- 3 |  4- 6 |  7- 9 | 10-12 || total
---------------------------+-------+-------+-------+-------++-------
  Melee: Unarmed           |    68 |    86 |   208 |    47 ||   409
         Constrict         |    16 |    22 |    52 |    15 ||   105
         Tentacles         |     7 |    19 |    59 |    17 ||   102
         Punch             |     1 |     3 |    17 |     4 ||    25
  Evoke: Wand              |       |       |     1 |     6 ||     7
    Use: Scroll            |     3 |     9 |     9 |     1 ||    22
         Potion            |       |       |     6 |     3 ||     9
   Stab: Sleeping          |     5 |     9 |    12 |     1 ||    27
         Distracted        |       |       |       |     1 ||     1
 Armour: Skin              |     7 |    12 |     6 |     4 ||    29
  Dodge: Dodged            |    34 |    52 |   115 |    54 ||   255

Table legend: (Time is in decaauts)
 A = Elapsed time spent in this place.
 B = Non-inter-level travel time spent in this place.
 C = Inter-level travel time spent in this place.
 D = Time resting spent in this place.
 E = Time spent auto-exploring this place.
 F = Levels seen in this place.
 G = Mean time per level.
                   A        B        C        D        E       F      G
               +--------+--------+--------+--------+--------+-----+--------+
         Total |   9738 |   9299 |    439 |   1153 |   6775 |  10 |  973.8 |
       Dungeon |   9737 |   9298 |    439 |   1153 |   6775 |   9 | 1081.9 |
        Temple |      1 |      1 |      0 |      0 |      0 |   1 |    1.0 |
               +--------+--------+--------+--------+--------+-----+--------+

Top non-repeatable levels by time:
     D:8: 2179 daAuts
     D:5: 1773 daAuts
     D:4: 1409 daAuts
     D:6: 1233 daAuts
     D:2: 986 daAuts
     D:3: 857 daAuts
     D:1: 661 daAuts
     D:7: 599 daAuts
     D:9: 35 daAuts
  Temple: 1 daAuts
